 Dungeon Crawl Stone Soup version 0.22-a0-525-gf69a080 (webtiles) character file.

23928 galech the Fighter (level 13, -5/141 HPs)
             Began as an Ogre Berserker on June 21, 2018.
             Was a High Priest of Trog.
             Slain by a death yak (29 damage)
             ... on level 4 of the Lair of Beasts.
             The game lasted 00:20:55 (15750 turns).

galech the Fighter (Ogre Berserker)                Turns: 15750, Time: 00:20:56

Health: -5/141     AC:  5    Str: 27    XL:     13   Next: 9%
Magic:  13/13      EV: 13    Int:  8    God:    Trog [*****.]
Gold:   1170       SH: 17    Dex:  9    Spells: 12/12 levels left

rFire    + + .     SeeInvis .   G - +11 whip "Jestik" {holy, *Drain rPois rF+ MR++}
rCold    + + .     Gourm    .   N - +0 shield
rNeg     . . .     Faith    .   R - +2 robe
rPois    +         Spirit   .   (helmet restricted)
rElec    .         Reflect  +   o - scarf {rC+ rF+}
rCorr    +         Harm     .   (gloves unavailable)
MR       +++..                  (boots unavailable)
Stlth    +++.......             g - +6 amulet of reflection
HPRegen  0.33/turn              H - ring of resist corrosion
MPRegen  0.13/turn              U - ring of protection from cold

@: berserk cooldown, very slightly contaminated, slowed, studying Short Blades,
very slow
A: large, unfitting armour, tough skin 1
a: Berserk, Trog's Hand, Brothers in Arms, Renounce Religion


You were on level 4 of the Lair of Beasts.
You worshipped Trog.
Trog was extremely pleased with you.
You were very hungry.

You visited 3 branches of the dungeon, and saw 16 of its levels.
You also visited: Ossuary.

You collected 1170 gold pieces.

Inventory:

Hand Weapons
 a - a +0 mace
 w - a +1 mace of protection
 z - a cursed -1 arbalest
 G - the +11 whip "Jestik" (weapon) {holy, *Drain rPois rF+ MR++}
   (You found it on level 7 of the Dungeon)

   It has been blessed by the Shining One to cause great damage to the undead
   and demons.
   It protects you from fire.
   It protects you from poison.
   It affects your resistance to hostile enchantments.
   It causes draining when unequipped.
 I - the +5 morningstar of Exquisite Torment {speed, Str+6 Int+5, unknown}
   (You found it on level 8 of the Dungeon)

   Attacks with this weapon are significantly faster.
   It affects your strength (+6).
   It affects your intelligence (+5).
Armour
 b - a +0 animal skin
 o - a scarf of resistance (worn)
 N - a +0 shield (worn)
 R - a +2 robe (worn)
Jewellery
 g - a +6 amulet of reflection (around neck)
 H - a ring of resist corrosion (left hand)
 J - an uncursed amulet of rage {unknown}
 T - an uncursed ring of poison resistance
 U - a ring of protection from cold (right hand)
 V - an uncursed ring of flight
Wands
 u - a wand of enslavement (6)
 y - a wand of polymorph (30)
 F - a wand of iceblast (8)
 L - a wand of digging (13)
 M - a wand of acid (6)
 Q - a wand of disintegration (7)
 Y - a wand of paralysis (18)
Scrolls
 d - 7 scrolls of teleportation
 e - 4 scrolls of fear
 f - 2 scrolls of enchant armour
 h - 5 scrolls of magic mapping
 i - 6 scrolls of remove curse
 l - 3 scrolls of blinking
 m - 3 scrolls of immolation
 p - 3 scrolls of noise
 v - 2 scrolls of fog
 x - 4 scrolls of enchant weapon
 B - a scroll of acquirement
 D - 3 scrolls of amnesia
 P - 2 scrolls of torment
 S - a scroll of brand weapon
 W - a scroll of vulnerability {unknown}
Potions
 j - 6 potions of mutation
 k - a potion of might {unknown}
 q - a potion of cancellation {unknown}
 r - 10 potions of curing {unknown}
 s - 5 potions of haste {unknown}
 t - 2 potions of brilliance {unknown}
 A - a potion of lignification {unknown}
 C - 4 potions of degeneration {unknown}
 E - 3 potions of agility {unknown}
 K - a potion of invisibility
Books
 n - a manual of Short Blades
Miscellaneous
 O - a lightning rod (4/4)
Comestibles
 c - 20 rations


   Skills:
 + Level 12.8 Fighting
 + Level 12.1 Maces & Flails
 + Level 9.4 Dodging
 + Level 5.6 Stealth
 + Level 7.7 Shields


You had 12 spell levels left.
You didn't know any spells.
Your spell library was empty.

Dungeon Overview and Level Annotations

Branches:
Dungeon (10/15)            Temple (0/1) D:7            Lair (4/6) D:10
 Shoals (0/4) Lair:2          Orc (2/2) D:9
  Snake: Lair:2-4    Spider: Lair:2-4       Elf: Orc:2

Altars:
Ashenzari
Dithmenos
Elyvilon
Fedhas
Gozag
Hepliaklqana
Makhleb
Nemelex Xobeh
Ru
Wu Jian
Xom
Yredelemnul
Zin
The Shining One

Shops:
D:9 }

Annotations:
Orc:2 Nessos


Innate Abilities, Weirdness & Mutations

You are too large for most types of armour.
You have tough skin. (AC +1)


Message History

You whack the death yak!
The death yak is heavily wounded.
You feel the effects of Trog's Hand fading.
The death yak gores you!!
* * * LOW HITPOINT WARNING * * *
The elephant trumpets!
You hit the death yak.
The death yak is heavily wounded.
The death yak closely misses you. You block the death yak's attack.
Your skin stops crawling.
You feel less resistant to hostile enchantments.
You block the death yak's attack.
You found a teleport trap!
You block the death yak's attack.
Blink to where?
Press: ? - help, Dir - move target cursor You are very lightly contaminated with residual magic.
As you read the scroll of blinking, it crumbles to dust.
The death yak gores you!!
You die...

.....###..#......##.#..##..PP###
<....##..##..........#..#...PP.##
......#..#...8...8......#.......#
......'........<...............##
.....#÷......8..(8......#......#
#.#..##..##.........#...##..#..#
....###...#.##......#..###...###
...## ##.......#......## ..###
...# ####.....@....## #...## .###
##.##....Y..#######.P.P # ##
#.#.####..### ##.....+##.#
......##....##.(.## #.........#
.#...##.#...#..†..####.........##
.. ..+.#....#8.>.8#+.#..........#
..# .#..+.........#...Y...§....#
... # #.....#.8.#.#.#.Y.......#
##.+ #.....##.#..#.+..........#


You could see a death yak.

Vanquished Creatures
  3 hydras
  4 death yaks (Lair:4)
  5 two-headed ogres
  Nergalle (Lair:3)
  An orc sorcerer (Orc:2)
  An oklob plant (Lair:1)
  A black mamba (Lair:1)
  4 elephants (Lair:4)
  12 spiny frogs
  3 komodo dragons
  A polar bear (Lair:4)
  A hornet (D:8)
  A slime creature (D:8)
  4 hippogriffs
  5 yaks
  3 wyverns (Lair:4)
  2 basilisks
  3 water moccasins
  A warg (Orc:1)
  4 orc warriors
  2 porcupines (Lair:2)
  Duvessa (D:7)
  A black bear (Lair:3)
  An ice beast (D:5)
  2 necrophages
  11 wolves
  4 ogres
  A centaur (D:7)
  7 crocodiles
  12 bullfrogs
  A wyvern zombie (D:7)
  A water moccasin zombie (D:7)
  5 scorpions
  Dowan (D:7)
  2 howler monkeys (D:4)
  5 wights (D:8)
  2 centaur zombies (Ossuary)
  2 crimson imps
  2 jellies (D:10)
  2 quasits
  A bullfrog zombie (D:9)
  7 orc priests
  A centaur skeleton (D:5)
  5 hounds
  11 orc wizards
  A bullfrog skeleton (D:10)
  Ijyb (D:3)
  4 iguanas
  4 worker ants
  4 big kobold zombies (Ossuary)
  5 mummies (Ossuary)
  2 hound skeletons
  4 adders
  3 gnolls (D:5)
  4 shadow imps
  2 oozes
  An adder skeleton (D:4)
  2 worms (D:2)
  2 dart slugs
  2 leopard geckos
  44 orcs
  5 giant cockroaches
  4 goblins
  8 hobgoblins
  17 jackals
  6 quokkas
  2 ball pythons
  7 bats
  4 frilled lizards
  A hobgoblin zombie (Ossuary)
  10 kobolds
  2 leopard gecko skeletons
  A leopard gecko zombie (D:7)
  7 rats
  8 plants (Lair:1)
317 creatures vanquished.

Vanquished Creatures (others)
  A kobold (D:3)
  A fungus (Lair:4)
  3 plants
5 creatures vanquished.

Grand Total: 322 creatures vanquished

Notes
Turn   | Place    | Note
-------+----------+-------------------------------------------
     0 | D:1      | galech the Ogre Berserker began the quest for the Orb.
     0 | D:1      | Reached XP level 1. HP: 24/24 MP: 1/1
    80 | D:1      | Reached XP level 2. HP: 24/32 MP: 2/2
   549 | D:1      | Reached XP level 3. HP: 37/39 MP: 3/3
   553 | D:1      | Reached ** piety under Trog
  1549 | D:2      | Reached XP level 4. HP: 29/49 MP: 4/4
  1921 | D:2      | Found a shimmering altar of Xom.
  2283 | D:3      | Reached XP level 5. HP: 55/55 MP: 5/5
  2425 | D:3      | Reached *** piety under Trog
  2462 | D:3      | Reached skill level 5 in Fighting
  2570 | D:3      | Noticed Ijyb
  2598 | D:3      | Killed Ijyb
  2894 | D:3      | Found a hazy altar of Hepliaklqana.
  3064 | D:4      | Reached XP level 6. HP: 66/66 MP: 6/6
  3178 | D:4      | Found an opulent altar of Gozag.
  3344 | D:4      | Found a glowing silver altar of Zin.
  3361 | D:4      | Reached skill level 1 in Stealth
  3371 | D:4      | Reached XP level 7. HP: 74/74 MP: 7/7
  3573 | D:4      | Reached skill level 5 in Maces & Flails
  3819 | D:5      | Entered Level 5 of the Dungeon
  3952 | D:5      | Reached skill level 5 in Dodging
  4257 | D:5      | Found a glowing golden altar of the Shining One.
  4258 | D:5      | Found a white marble altar of Elyvilon.
  4334 | D:5      | Found a shattered altar of Ashenzari.
  4387 | D:5      | Reached XP level 8. HP: 59/84 MP: 8/8
  4503 | D:5      | Found an opulent altar of Gozag.
  4837 | D:6      | Reached **** piety under Trog
  5000 | D:6      | Found a sacrificial altar of Ru.
  5241 | D:6      | Identified a scroll of acquirement
  5586 | D:7      | Found a sand-covered staircase.
  5595 | Ossuary  | Entered an ossuary
  6050 | D:7      | Got a slimy whip
  6051 | D:7      | Identified the +11 whip "Jestik" {holy, *Drain rPois rF+ MR++} (You found it on level 7 of the Dungeon)
  6134 | D:7      | Found a staircase to the Ecumenical Temple.
  6143 | D:7      | Noticed Dowan
  6145 | D:7      | Noticed Duvessa
  6150 | D:7      | Killed Dowan
  6155 | D:7      | Killed Duvessa
  6231 | D:7      | Found a burning altar of Makhleb.
  6249 | D:7      | Reached XP level 9. HP: 87/96 MP: 9/9
  6257 | D:7      | Found a basalt altar of Yredelemnul.
  6443 | D:7      | Found a shadowy altar of Dithmenos.
  6461 | D:7      | Found a blossoming altar of Fedhas.
  6856 | D:8      | Found a basalt altar of Yredelemnul.
  6872 | D:8      | Noticed a hornet
  6883 | D:8      | Killed a hornet
  7105 | D:8      | Got a sapphire morningstar
  7436 | D:8      | Noticed a two-headed ogre
  7449 | D:8      | Killed a two-headed ogre
  8052 | D:9      | Found Acusaen's Gadget Shop.
  8074 | D:9      | Reached XP level 10. HP: 107/107 MP: 10/10
  8235 | D:9      | Found a staircase to the Orcish Mines.
  8297 | D:9      | Found a sparkling altar of Nemelex Xobeh.
  8542 | D:10     | Entered Level 10 of the Dungeon
  8560 | D:10     | Noticed a two-headed ogre
  8566 | D:10     | Found an ornate altar of the Wu Jian Council.
  8571 | D:10     | Killed a two-headed ogre
  8571 | D:10     | Reached skill level 1 in Shields
  8900 | D:10     | Noticed a two-headed ogre
  8906 | D:10     | Killed a two-headed ogre
  9098 | D:10     | Found a staircase to the Lair.
  9122 | D:10     | Reached skill level 10 in Fighting
  9348 | D:10     | Noticed a two-headed ogre
  9360 | D:10     | Killed a two-headed ogre
  9360 | D:10     | Reached skill level 10 in Maces & Flails
  9360 | D:10     | Reached XP level 11. HP: 117/117 MP: 11/11
  9431 | D:10     | Reached ***** piety under Trog
 10013 | Orc:1    | Entered Level 1 of the Orcish Mines
 10013 | Orc:1    | Noticed a two-headed ogre
 10020 | Orc:1    | Killed a two-headed ogre
 10319 | Orc:2    | Entered Level 2 of the Orcish Mines
 10319 | Orc:2    | Noticed an orc sorcerer
 10323 | Orc:2    | Noticed a sixfirhy
 10328 | Orc:2    | Killed an orc sorcerer
 10793 | Orc:2    | Noticed Nessos
 10850 | Lair:1   | Entered Level 1 of the Lair of Beasts
 11470 | Lair:1   | Reached skill level 5 in Shields
 11734 | Lair:1   | Noticed a four-headed hydra
 11740 | Lair:1   | Killed a four-headed hydra
 12030 | Lair:1   | Noticed an oklob plant
 12043 | Lair:1   | Killed an oklob plant
 12383 | Lair:2   | Found a staircase to the Shoals.
 12430 | Lair:2   | Noticed a seven-headed hydra
 12437 | Lair:2   | Killed a seven-headed hydra
 12536 | Lair:2   | Noticed a four-headed hydra
 12549 | Lair:2   | Killed a four-headed hydra
 12549 | Lair:2   | Reached XP level 12. HP: 57/130 MP: 12/12
 13626 | Lair:3   | Noticed Nergalle
 13642 | Lair:3   | Killed Nergalle
 14157 | Lair:3   | Reached skill level 5 in Stealth
 15664 | Lair:4   | Noticed a death yak
 15667 | Lair:4   | Noticed a death yak
 15667 | Lair:4   | Noticed a death yak
 15679 | Lair:4   | Noticed a death yak
 15681 | Lair:4   | Noticed a death yak
 15683 | Lair:4   | Killed a death yak
 15705 | Lair:4   | Killed a death yak
 15705 | Lair:4   | Reached XP level 13. HP: 81/141 MP: 13/13
 15750 | Lair:4   | Slain by a death yak

Vault maps used:
D:1:      dpeg_arrival_fog, minmay_misc_feat_encased
D:2:      lemuel_crystal_altar
D:3:      marbit_many_paths, first_ration, uniq_ijyb
D:4:      zin_academy, serial_corexii_hall, corexii_hall_statues_l,
          corexii_hall_statues_t, grunt_gozag_statues
D:5:      kennysheep_little_box, gammafunk_temple_overflow_forgotten,
          kennysheep_another_room
D:6:      overflow_temple_1_default, corexii_corridor_pit
D:7:      grunt_dithmenos_shadows, overflow_temple_1_default, bloody_makhleb,
          minmay_temple_entry_junction_2, nicolae_ossuary_entry_ruins,
          yredelemnul_altar_generic, uniq_duvessa
D:8:      lemuel_doored_altar, minmay_diamond_spiral
D:9:      nemelex_altar_shiori, orc_0_dummy, serial_shops, shop
D:10:     david_lair_generic, basic_altar
Lair:1:   cheibrodos_lair_river_kwai, wad_woods_road_04
Lair:2:   shoals_dummy_entry, beast_lair_carwin_5
Lair:3:   beast_lair_carwin_11, uniq_nergalle
Lair:4:   nicolae_spider_entry_non_spiders, grunt_megastairs_2
Orc:1:    sword_in_stone
Orc:2:    st_orc_town, uniq_nessos
Ossuary:  ossuary_the_hunt_dpeg

Skill      XL: |  1  2  3  4  5  6  7  8  9 10 11 12 |
---------------+-------------------------------------+-----
Dodging        | 3 4 5 6 7 8 9 |  9.4
Maces & Flails | 3 4 6 7 8 10 11 12 | 12.1
Fighting       | 5 6 7 9 10 11 12 | 12.8
Stealth        | 1 2 3 4 5 |  5.6
Shields        | 3 5 7 |  7.7

Action                   |  1- 3 |  4- 6 |  7- 9 | 10-12 | 13-15 || total
-------------------------+-------+-------+-------+-------+-------++-------
Melee: Mace              |   154 |   132 |       |       |       ||   286
       Whip              |       |    45 |   355 |   688 |    27 ||  1115
Invok: Berserk           |       |     7 |    10 |    15 |       ||    32
       Trog's Hand       |       |     3 |     4 |     1 |       ||     8
  Use: Scroll            |       |     5 |     7 |     5 |     1 ||    18
 Stab: Sleeping          |       |       |     3 |    13 |       ||    16
       Distracted        |       |       |       |     1 |       ||     1
  Eat: Chunk             |     2 |    12 |    21 |    33 |       ||    68
       Ration            |       |       |     2 |     1 |       ||     3
Armor: Animal skin       |    51 |    27 |    33 |    12 |       ||   123
       Robe              |       |       |       |    38 |       ||    38
Dodge: Dodged            |    86 |    91 |   114 |   130 |     4 ||   425
Block: Other             |    55 |    56 |    74 |       |       ||   185
       Reflection        |     4 |     2 |     1 |       |       ||     7
       Shield            |       |       |     2 |   305 |     9 ||   316

Table legend:
 A = Spawn XP
 B = Non-spawn XP
 C = Spawn XP percentage of total XP
 D = Spawn monster count
 E = Non-spawn monster count
 F = Spawn count percentage of total count
 G = Total turns spent on level
                    A         B        C        D         E        F      G
               +---------+---------+-------+---------+---------+-------+---------
         Total |       0 |   34184 |   0.0 |       0 |     309 |   0.0 | 15750
               +---------+---------+-------+---------+---------+-------+---------
           D:1 |       0 |      60 |   0.0 |       0 |      33 |   0.0 |  1148
           D:2 |       0 |      63 |   0.0 |       0 |      18 |   0.0 |  1008
           D:3 |       0 |     181 |   0.0 |       0 |      24 |   0.0 |   897
           D:4 |       0 |     665 |   0.0 |       0 |      27 |   0.0 |   766
           D:5 |       0 |     385 |   0.0 |       0 |      20 |   0.0 |   894
           D:6 |       0 |     223 |   0.0 |       0 |      10 |   0.0 |   871
           D:7 |       0 |     771 |   0.0 |       0 |      20 |   0.0 |   656
           D:8 |       0 |    1974 |   0.0 |       0 |      17 |   0.0 |  1365
           D:9 |       0 |     567 |   0.0 |       0 |      12 |   0.0 |   702
          D:10 |       0 |    4783 |   0.0 |       0 |      29 |   0.0 |  1458
        Lair:1 |       0 |    3236 |   0.0 |       0 |      11 |   0.0 |  1430
        Lair:2 |       0 |    5272 |   0.0 |       0 |      18 |   0.0 |  1257
        Lair:3 |       0 |    5373 |   0.0 |       0 |      22 |   0.0 |  1666
        Lair:4 |       0 |    8154 |   0.0 |       0 |      20 |   0.0 |   547
         Orc:1 |       0 |    1502 |   0.0 |       0 |      14 |   0.0 |   591
         Orc:2 |       0 |     680 |   0.0 |       0 |       2 |   0.0 |   112
       Ossuary |       0 |     295 |   0.0 |       0 |      12 |   0.0 |   382
               +---------+---------+-------+---------+---------+-------+---------
